AoeStats
← bau

Migration

509847594Analyzed
1v1 RM · 5d ago on Sep 28, 2026· 25m 46s· 2 players
Game mode
Random Map
Map size
132×132
Population
200
Speed
Normal
Resources
Standard
Victory
Conquest
Starting age
Dark Age
Ending age
Imperial Age
RankedLock teamsTeams togetherTeam positionsShared explorationLock speedFull tech treeHidden civsTurbo modeCheats
Victory
Defeat
🇨🇳 Portuguese · China
1000
+51
🇦🇷 Mongols · Argentina
1018
-17
717504720
13:55 Feudal Age
12:15 Loom
17:32 Castle Age
15:34 Gold Mining
15:36 Double-Bit Axe
15:35 Fishing Lines
19:03 Bow Saw
18:44 Gillnets
20:16 Medium Warships
19:56 Town Watch
21:38 Stone Mining
22:14 Scale Barding Armor
22:58 Wheelbarrow
22:23 Town Patrol
22:55 Bloodlines
22:45 Husbandry
23:09 Chain Barding Armor
23:43 Forging
25:16 Iron Casting
bau
8:45 Loom
10:49 Feudal Age
11:58 Fishing Lines
13:48 Double-Bit Axe
13:46 Horse Collar
18:43 Castle Age
22:08 Medium Warships
Connection lost

Rejoining the realm…

Still unreachable

The connection could not be restored.

Session expired

The server has moved on; the page needs a fresh start.